TOP OF THE 1ST |
Northern Division All-Stars batting - Pitching for Southern Division All-Stars : LHP Brian Groeschen
|
Pitching: LHP Brian Groeschen
|
|
Batting: SHB Francisco Torres
|
0-0: Ball 1-0: Called Strike 1-1: Foul Ball, location: 2F 1-2: Ball 2-2: SINGLE (Groundball, 3D, EV 105.0 MPH)
|
Batting: RHB Matthew Tallman
|
0-0: Called Strike 0-1: Fly out, F9 (Flyball, 89D, EV 96.9 MPH)
|
Batting: LHB Justin Bishop
|
0-0: Ball 1-0: Grounds into double play, 6-4-3 (Groundball, 6, EV 91.3 MPH)
|
Top of the 1st over - 0 runs, 1 hit, 0 errors, 0 left on base; Northern Division 0 - Southern Division 0 |
BOTTOM OF THE 1ST |
Southern Division All-Stars batting - Pitching for Northern Division All-Stars : RHP Alejandro Reyes
|
Pitching: RHP Alejandro Reyes
|
|
Batting: LHB Bobby Wiles
|
0-0: Ball 1-0: Fly out, F8 (Flyball, 78D, EV 104.4 MPH)
|
Batting: RHB Alex Mata
|
0-0: Ball 1-0: Called Strike 1-1: SINGLE (Groundball, 6MD, EV 101.3 MPH)
|
Batting: LHB Jose Nunez
|
0-0: Foul Ball, location: 25F 0-1: Swinging Strike 0-2: Strikes out swinging
|
Batting: RHB Greg Erwin
|
0-0: Ball 1-0: Swinging Strike 1-1: Ball Pickoff Throw to First - Out! 1-3
|
Bottom of the 1st over - 0 runs, 1 hit, 0 errors, 0 left on base; Northern Division 0 - Southern Division 0 |
TOP OF THE 2ND |
Northern Division All-Stars batting - Pitching for Southern Division All-Stars : LHP Brian Groeschen
|
Pitching: RHP Jesus Duran
|
|
Batting: RHB Ray Collins
|
0-0: Ball 1-0: Called Strike 1-1: Foul Ball, location: 25F 1-2: Ground out 5-3 (Groundball, 56S, EV 68.8 MPH)
|
Batting: SHB Mike Romero
|
0-0: Ball 1-0: Ground out 4-3 (Groundball, 4, EV 108.1 MPH)
|
Batting: RHB Eric Mathews
|
0-0: SINGLE (Line Drive, 9LS, EV 105.0 MPH)
|
Batting: LHB Jose Santiago
|
0-0: Ball 1-0: Called Strike 1-1: Called Strike 1-2: Strikes out looking
|
Top of the 2nd over - 0 runs, 1 hit, 0 errors, 1 left on base; Northern Division 0 - Southern Division 0 |
BOTTOM OF THE 2ND |
Southern Division All-Stars batting - Pitching for Northern Division All-Stars : RHP Alejandro Reyes
|
Pitching: LHP John Armstrong
|
|
Batting: RHB Greg Erwin
|
0-0: Ground out 1-3 (Groundball, 15S, EV 70.6 MPH)
|
Batting: RHB R.J. Lower
|
0-0: Called Strike 0-1: Ball 1-1: SINGLE (Groundball, 34D, EV 98.8 MPH)
|
Batting: RHB Xavier Woodruff
|
0-0: Ball 1-0: Ball 2-0: Foul Ball, location: 25F 2-1: SINGLE (Line Drive, 7LS, EV 85.0 MPH) R.J. Lower to second
|
Batting: LHB Randy Henderson
|
0-0: Ball 1-0: Fly out, F7 (Line Drive, 7, EV 100.0 MPH)
|
Batting: RHB Josh Parks
|
0-0: Ball 1-0: Swinging Strike 1-1: Called Strike 1-2: Foul Ball, location: 2F 1-2: Ball 2-2: Hit by Pitch R.J. Lower to third Xavier Woodruff to second
|
Batting: RHB Ignacio Zavala
|
0-0: Called Strike 0-1: Ball 1-1: Swinging Strike 1-2: Ball 2-2: Strikes out looking
|
Bottom of the 2nd over - 0 runs, 2 hits, 0 errors, 3 left on base; Northern Division 0 - Southern Division 0 |
TOP OF THE 3RD |
Northern Division All-Stars batting - Pitching for Southern Division All-Stars : RHP Jesus Duran
|
Pitching: LHP Enrique Hernandez
|
|
Batting: RHB Noah Burlew
|
0-0: Ground out 4-3 (Groundball, 34D, EV 103.1 MPH)
|
Batting: RHB Jim Unknown
|
0-0: Ball 1-0: Fly out, F8 (Flyball, 8RS, EV 96.3 MPH)
|
Batting: SHB Francisco Torres
|
0-0: Ball 1-0: Fly out, F8 (Flyball, 8RD, EV 94.4 MPH)
|
Top of the 3rd over - 0 runs, 0 hits, 0 errors, 0 left on base; Northern Division 0 - Southern Division 0 |
BOTTOM OF THE 3RD |
Southern Division All-Stars batting - Pitching for Northern Division All-Stars : LHP John Armstrong
|
Pitching: LHP Bryan Brown
|
|
Batting: LHB Bobby Wiles
|
0-0: SINGLE (Line Drive, 3D, EV 110.0 MPH)
|
Batting: RHB Alex Mata
|
0-0: Swinging Strike 0-1: Ball 1-1: Called Strike 1-2: Ball Wild Pitch! Bobby Wiles to second 2-2: Foul Ball, location: 2F 2-2: Ball 3-2: Ground out 4-3 (Groundball, 4, EV 86.3 MPH) Bobby Wiles to third
|
Batting: LHB Jose Nunez
|
0-0: Ball 1-0: Ball 2-0: Called Strike 2-1: Ball 3-1: Foul Ball, location: 2F 3-2: Strikes out swinging
|
Batting: RHB Greg Erwin
|
0-0: Foul Ball, location: 5F 0-1: Ball 1-1: Ball 2-1: Ball 3-1: Base on Balls
|
Batting: RHB R.J. Lower
|
0-0: Ball 1-0: Called Strike 1-1: Ball 2-1: Ground out U3 (Groundball, 34S, EV 65.6 MPH)
|
Bottom of the 3rd over - 0 runs, 1 hit, 0 errors, 2 left on base; Northern Division 0 - Southern Division 0 |
TOP OF THE 4TH |
Northern Division All-Stars batting - Pitching for Southern Division All-Stars : LHP Enrique Hernandez
|
Pitching: RHP Andres Rangel
|
|
Batting: RHB Matthew Tallman
|
0-0: Called Strike 0-1: Ball 1-1: Ground out 6-3 (Groundball, 6M, EV 99.4 MPH)
|
Batting: LHB Justin Bishop
|
0-0: Swinging Strike 0-1: Foul Ball, location: 2F 0-2: Strikes out swinging
|
Batting: RHB Ray Collins
|
0-0: Ball 1-0: SINGLE (Flyball, 3D, EV 90.0 MPH)
|
Batting: SHB Mike Romero
|
0-0: Ball 1-0: Called Strike 1-1: Fly out, F6 (Line Drive, 6M, EV 62.5 MPH)
|
Top of the 4th over - 0 runs, 1 hit, 0 errors, 1 left on base; Northern Division 0 - Southern Division 0 |
BOTTOM OF THE 4TH |
Southern Division All-Stars batting - Pitching for Northern Division All-Stars : LHP Bryan Brown
|
Pitching: RHP Raul Novoa
|
|
Batting: RHB Xavier Woodruff
|
0-0: Called Strike 0-1: Swinging Strike 0-2: Ball 1-2: Foul Ball, location: 3F 1-2: Ground out 4-3 (Groundball, 4, EV 90.0 MPH)
|
Batting: LHB Randy Henderson
|
0-0: Foul Ball, location: 2F 0-1: Swinging Strike 0-2: Ball 1-2: Strikes out swinging
|
Batting: RHB Josh Parks
|
0-0: Called Strike 0-1: Swinging Strike 0-2: Ball 1-2: Strikes out looking
|
Bottom of the 4th over - 0 runs, 0 hits, 0 errors, 0 left on base; Northern Division 0 - Southern Division 0 |
TOP OF THE 5TH |
Northern Division All-Stars batting - Pitching for Southern Division All-Stars : RHP Andres Rangel
|
Pitching: RHP Kevin Kendrick
|
|
Batting: RHB Eric Mathews
|
0-0: Fly out, F8 (Flyball, 8LD, EV 98.8 MPH)
|
Batting: LHB Jose Santiago
|
0-0: Ball 1-0: Fly out, F8 (Line Drive, 8RM, EV 97.5 MPH)
|
Batting: RHB Noah Burlew
|
0-0: Ball 1-0: Ground out 1-3 (Groundball, P, EV 69.4 MPH)
|
Top of the 5th over - 0 runs, 0 hits, 0 errors, 0 left on base; Northern Division 0 - Southern Division 0 |
BOTTOM OF THE 5TH |
Southern Division All-Stars batting - Pitching for Northern Division All-Stars : RHP Raul Novoa
|
Pitching: RHP Jonathan Bates
|
|
Batting: RHB Ignacio Zavala
|
0-0: Ball 1-0: SINGLE (Line Drive, 8LS, EV 101.3 MPH)
|
Batting: LHB Bobby Wiles
|
0-0: Ball 1-0: Ball 2-0: Ball 3-0: Base on Balls Ignacio Zavala to second
|
Pinch Hitting: SHB Keith Shackelford
|
0-0: Ball 1-0: Ball 2-0: Called Strike 2-1: Fielders Choice at 2nd, 6-4 (Groundball, 56, EV 103.1 MPH) Ignacio Zavala to third
|
Batting: LHB Jose Nunez
|
|
Pinch Hitting: RHB Brian Patrick
|
0-0: Ball 1-0: Fly out, F9 (Flyball, 9S, EV 90.0 MPH)
|
Batting: RHB Greg Erwin
|
0-0: SINGLE (Line Drive, 89M, EV 105.0 MPH) Ignacio Zavala scores Keith Shackelford to second Runner from 2nd tries for 3rd, OUT! 8-5
|
Bottom of the 5th over - 1 run, 2 hits, 0 errors, 1 left on base; Northern Division 0 - Southern Division 1 |
TOP OF THE 6TH |
Northern Division All-Stars batting - Pitching for Southern Division All-Stars : RHP Kevin Kendrick
|
Pitching: RHP Justin LaRose
|
|
Now at 1B: Keith Shackelford
|
|
Now in LF: Mike Loud
|
|
Now in RF: Bobby Wiles
|
|
Batting: SHB Jason Keating
|
0-0: Called Strike 0-1: Ball 1-1: Called Strike 1-2: SINGLE (Line Drive, 6MD, EV 96.9 MPH)
|
Batting: SHB Francisco Torres
|
0-0: Called Strike 0-1: Ball 1-1: Called Strike 1-2: Strikes out swinging
|
Batting: RHB Matthew Tallman
|
0-0: Called Strike 0-1: Fly out, F8 (Flyball, 8RM, EV 85.6 MPH)
|
Batting: LHB Justin Bishop
|
0-0: Called Strike 0-1: Ball 1-1: Swinging Strike 1-2: Ball 2-2: Strikes out looking
|
Top of the 6th over - 0 runs, 1 hit, 0 errors, 1 left on base; Northern Division 0 - Southern Division 1 |
BOTTOM OF THE 6TH |
Southern Division All-Stars batting - Pitching for Northern Division All-Stars : RHP Jonathan Bates
|
Pitching: RHP Troy Anderson
|
|
Batting: RHB R.J. Lower
|
0-0: Called Strike 0-1: Ball 1-1: Called Strike 1-2: Ground out 4-3 (Groundball, 4, EV 90.6 MPH)
|
Batting: RHB Xavier Woodruff
|
0-0: Called Strike 0-1: Ground out 4-3 (Groundball, 4M, EV 83.1 MPH)
|
Batting: LHB Randy Henderson
|
0-0: Called Strike 0-1: Ball 1-1: Called Strike 1-2: Ground out 6-3 (Groundball, 6, EV 108.8 MPH)
|
Bottom of the 6th over - 0 runs, 0 hits, 0 errors, 0 left on base; Northern Division 0 - Southern Division 1 |
TOP OF THE 7TH |
Northern Division All-Stars batting - Pitching for Southern Division All-Stars : RHP Justin LaRose
|
Pitching: RHP Ryan Hill
|
|
Batting: RHB Ray Collins
|
0-0: Called Strike 0-1: SINGLE (Line Drive, 89M, EV 100.0 MPH)
|
Pinch Hitting: RHB Cirilo Maldonado
|
0-0: Called Strike 0-1: Ball 1-1: Called Strike 1-2: Ball 2-2: Strikes out swinging
|
Pinch Hitting: LHB Jared Coffin
|
0-0: Ball 1-0: Ball 2-0: Called Strike 2-1: Ball 3-1: Base on Balls Ray Collins to second
|
Batting: LHB Jose Santiago
|
0-0: Ball 1-0: Ball 2-0: Foul Ball, location: 5FF 2-1: Swinging Strike 2-2: Ball 3-2: Strikes out looking
|
Pitching: LHP Seth Thornton
|
|
Pinch Hitting: RHB Malachi Powell
|
0-0: Foul Ball, location: 9LSFF 0-1: Called Strike 0-2: Ball 1-2: Strikes out looking
|
Top of the 7th over - 0 runs, 1 hit, 0 errors, 2 left on base; Northern Division 0 - Southern Division 1 |
BOTTOM OF THE 7TH |
Southern Division All-Stars batting - Pitching for Northern Division All-Stars : RHP Troy Anderson
|
Pitching: RHP Fernando Mejias
|
|
Now at C: Malachi Powell
|
|
Now in LF: Cirilo Maldonado
|
|
Now in CF: Jared Coffin
|
|
Pinch Hitting: RHB Alfredo Carrillo
|
0-0: Foul Ball, location: 9LMF 0-1: Foul Ball, location: 25FF 0-2: SOLO HOME RUN (Flyball, 9D, EV 91.9 MPH), Distance : 349 ft
|
Pinch Hitting: RHB Jason Ryan
|
0-0: Ball 1-0: Ball 2-0: Ball 3-0: Called Strike 3-1: Called Strike 3-2: Strikes out swinging
|
Batting: LHB Bobby Wiles
|
0-0: Ball 1-0: Swinging Strike 1-1: Swinging Strike 1-2: Ball 2-2: Foul Ball, location: 9LSF 2-2: TRIPLE (Flyball, 89XD, EV 99.4 MPH)
|
Batting: SHB Keith Shackelford
|
0-0: Intentional Walk
|
Batting: RHB Mike Loud
|
0-0: Called Strike 0-1: Foul Ball, location: 9LMF 0-2: Foul Ball, location: 9LSF 0-2: Foul Ball, location: 2F 0-2: Hit by Pitch Keith Shackelford to second
|
Pitching: RHP Tommy Sutton
|
|
Batting: RHB Greg Erwin
|
0-0: Ball 1-0: Called Strike 1-1: Foul Ball, location: 9LDF 1-2: Grounds into double play, 5-2-3 (Groundball, 5, EV 103.1 MPH)
|
Bottom of the 7th over - 1 run, 2 hits, 0 errors, 2 left on base; Northern Division 0 - Southern Division 2 |
TOP OF THE 8TH |
Northern Division All-Stars batting - Pitching for Southern Division All-Stars : LHP Seth Thornton
|
Pitching: RHP John Berglund
|
|
Now at 2B: Jason Ryan
|
|
Now at 3B: Alfredo Carrillo
|
|
Batting: SHB Jason Keating
|
0-0: Ball 1-0: Foul Ball, location: 2F 1-1: Foul Ball, location: 2F 1-2: Ball 2-2: SOLO HOME RUN (Flyball, 9D, EV 97.5 MPH), Distance : 352 ft
|
Pinch Hitting: RHB Justin Spector
|
0-0: Ball 1-0: Swinging Strike 1-1: Ball 2-1: Swinging Strike 2-2: Foul Ball, location: 7LMF 2-2: Foul Ball, location: 9LSF 2-2: Ball 3-2: Strikes out looking
|
Batting: RHB Matthew Tallman
|
0-0: Called Strike 0-1: Ball 1-1: Swinging Strike 1-2: Ball 2-2: Fly out, F9 (Flyball, 9D, EV 88.8 MPH)
|
Pinch Hitting: RHB Justin Driskell
|
0-0: Swinging Strike 0-1: Called Strike 0-2: Ball 1-2: Ball 2-2: Foul Ball, location: 5FF 2-2: Strikes out swinging
|
Top of the 8th over - 1 run, 1 hit, 0 errors, 0 left on base; Northern Division 1 - Southern Division 2 |
BOTTOM OF THE 8TH |
Southern Division All-Stars batting - Pitching for Northern Division All-Stars : RHP Tommy Sutton
|
Pitching: LHP Gary Norris
|
|
Now at 1B: Victor Rodriguez
|
|
Now in RF: Justin Spector
|
|
Batting: RHB R.J. Lower
|
0-0: Ball 1-0: Called Strike 1-1: Foul Ball, location: 2F 1-2: Ball 2-2: Foul Ball, location: 5DF 2-2: Ball 3-2: Base on Balls
|
Pinch Hitting: RHB Barry Garvin
|
0-0: Ball 1-0: Foul Ball, location: 3SF 1-1: Called Strike 1-2: Ball 2-2: DOUBLE (Line Drive, 9LS, EV 90.6 MPH) R.J. Lower to third
|
Batting: LHB Randy Henderson
|
0-0: Swinging Strike 0-1: Called Strike 0-2: Ball 1-2: Strikes out swinging
|
Batting: RHB Alfredo Carrillo
|
0-0: Ball Wild Pitch! R.J. Lower scores Barry Garvin to third 1-0: Called Strike 1-1: Fly out, F8 (Flyball, 8RM, EV 77.5 MPH) Runner from 3rd tags up, SCORES, throw by CF
|
Batting: RHB Jason Ryan
|
0-0: Ball 1-0: Ball 2-0: Ball 3-0: Called Strike 3-1: Foul Ball, location: 5F 3-2: Strikes out swinging
|
Bottom of the 8th over - 2 runs, 1 hit, 0 errors, 0 left on base; Northern Division 1 - Southern Division 4 |
TOP OF THE 9TH |
Northern Division All-Stars batting - Pitching for Southern Division All-Stars : RHP John Berglund
|
Pitching: RHP Ruben Garcia
|
|
Now at C: Jamie Weaver
|
|
Pinch Hitting: LHB Jeremy Bertsch
|
0-0: Ball 1-0: Ground out 6-3 (Groundball, 6M, EV 101.9 MPH)
|
Batting: RHB Cirilo Maldonado
|
0-0: Called Strike 0-1: Foul Ball, location: 3SF 0-2: Ball 1-2: Foul Ball, location: 9LMF 1-2: Ball 2-2: Fly out, F8 (Flyball, 8LD, EV 102.5 MPH)
|
Batting: LHB Jared Coffin
|
0-0: Ball 1-0: Ball 2-0: Called Strike 2-1: Ground out 6-3 (Groundball, 6D, EV 95.6 MPH)
|
Top of the 9th over - 0 runs, 0 hits, 0 errors, 0 left on base; Northern Division 1 - Southern Division 4 |
|